 Dungeon Sprint DCSS version 0.15-a0-970-ga23ad50 (webtiles) character file.

62015991 MDvedh the Conqueror (level 23, 227/227 (240) HPs)
             Began as a Minotaur Fighter on May 22, 2014.
             Was the Champion of the Shining One.
             Escaped with the Orb
             ... and 17 runes on May 23, 2014!
             The game lasted 01:25:04 (29704 turns).

MDvedh the Conqueror (Minotaur Fighter)            Turns: 29704, Time: 01:25:04

HP 227/227 (240) AC 44     Str 30      XL: 23   Next: 29%
MP  47/47        EV 14     Int  3      God: the Shining One [******]
Gold 1861        SH 55     Dex  9      Spells:  1 memorised, 70 levels left

rFire  + . .     SeeInvis .     o - +7,+5 Blessed Blade
rCold  + + .     Clarity  .     M - +2 crystal plate armour
rNeg   + + +     Conserve .     s - +0 large shield {AC+3}
rPois  .         rCorr    .     A - +1 hat {MR+}
rElec  +         rRot     .     p - +0 cloak "Duumok" {+Blink +Fly rElec}
SustAb .         Spirit   .     L - +0 pair of gloves {archery}
rMut   .         Warding  .     k - +1 pair of boots {run}
Gourm  .         NoTele   +     (no amulet)
MR     +++..                    B - ring "Tweu" {+Rage rC++ rN+ MR+}
                                D - ring of protection from fire

@: very slightly contaminated, hasted, glowing, very quick, extremely resistant
to hostile enchantments, extremely unstealthy
A: retaliatory headbutt, horns 2, clumsy 1, dopey 1, fast metabolism 1
a: Divine Shield, Cleansing Flame, Summon Divine Warrior, Renounce Religion,
Evoke Blink, Evoke Berserk Rage, Evoke Flight
0: Orb of Zot
}: 17/15 runes: decaying, serpentine, barnacled, slimy, elven, silver, golden,
iron, obsidian, icy, bone, abyssal, glowing, magical, fiery, dark, gossamer


You escaped.
You worshipped the Shining One.
The Shining One was exalted by your worship.
You were not hungry.

You visited 1 branch You collected 1991 gold pieces.
You spent 130 gold pieces at shops.

Inventory:

Hand weapons
 o - a +7,+5 Blessed Blade (weapon)
Missiles
 z - 3 javelins of penetration (quivered)
Armour
 k - a +1 pair of boots of running (worn)
 p - the +0 cloak "Duumok" (worn) {+Blink +Fly rElec}
   (You found it in the Dungeon)

   It insulates you from electricity.
   It lets you fly.
   It lets you blink.
 s - a +0 large shield of protection (worn)
 A - a +1 hat of magic resistance (worn)
 L - a +0 pair of gloves of archery (worn)
 M - a +2 crystal plate armour (worn)
Magical devices
 J - a wand of hasting (5)
Comestibles
 v - 40 strawberries
Jewellery
 a - the ring "Brotirin" {Wiz rElec rC+ Stlth+}
   (You found it in the Dungeon)

   [ring of wizardry]

   It improves your spell success rate.
   It protects you from cold.
   It insulates you from electricity.
   It makes you more stealthy.
 j - an uncursed amulet of stasis
 B - the ring "Tweu" (right hand) {+Rage rC++ rN+ MR+}
   (You found it in the Dungeon)

   [ring of positive energy]

   It greatly protects you from cold.
   It protects you from negative energy.
   It affects your resistance to hostile enchantments.
   It lets you go berserk.
 D - a ring of protection from fire (left hand)
 E - an uncursed ring of see invisible
 F - an uncursed ring of protection from fire
Potions
 c - a potion of agility
 h - 2 potions of haste
 i - a potion of magic
 l - a potion of invisibility
Books
 n - a book of Wizardry

   Spells                             Type                      Level
   Agony                              Necromancy                   5
   Force Lance                        Conjuration                  5
   Dispersal                          Translocation                6
   *Haste                             Charms                       6
   Invisibility                       Hexes                        6
   Spellforged Servitor               Conjuration/Summoning        7


   Skills:
 O Level 27 Fighting
 O Level 27 Long Blades
 + Level 19.5 Throwing
 O Level 27 Armour
 O Level 27 Dodging
 + Level 18.1 Stealth
 O Level 27 Shields
 + Level 20.9 Unarmed Combat
 O Level 27 Spellcasting
 O Level 27 Charms
 O Level 27 Invocations
 O Level 27 Evocations


You had 70 spell levels left.
You knew the following spells:

 Your Spells              Type           Power        Failure   Level  Hunger
a - Haste                 Chrm           ###.....     1%          6    #######


Dungeon Overview and Level Annotations

Branches:
Dungeon (1/1)

Altars:
Cheibriados
Dithmenos
Elyvilon
Fedhas
Gozag
Kikubaaqudgha
Makhleb
Nemelex Xobeh
Okawaru
Qazlal
Sif Muna
Trog
Vehumet
Xom
Yredelemnul
Zin
The Shining One
Beogh
Jiyva
Lugonu

Shops:
D ?*=[


Innate Abilities, Weirdness & Mutations

You reflexively headbutt those who attack you in melee.
You have a pair of horns on your head.
You are clumsy. (Dex -2)
You are dopey. (Int -2)
You have a fast metabolism.


Message History

You hit the red devil.
You kill the red devil!
The Shining One accepts your kill.
No target in view!
No target in view!
No target in view!
No target in view!
No target in view!
No target in view!
No target in view!
Things that are here:
a trident; a dart of flame You see here a club.
You see here 3 poisoned darts.
There is an open door to the Dungeon here.
You see here a poisoned dart.
There is a staircase leading out of the dungeon here.
You see here a poisoned dart.
Magic restored.
You have escaped!

▓▓▓▓▓▓▓▓▓▓▓▓▓▓▓▓▓▓
.(.▓...▓...▓...▓@▓
.▓)▓.▓.▓.▓.▓.▓.▓.▓
.▓.▓.▓.▓.▓.▓.▓.▓.▓
.▓.▓.▓.▓.▓.▓.▓.▓.▓
.▓.▓.▓.▓.▓.▓.▓.▓.▓
.▓.▓.▓.▓.▓.▓.▓.▓(▓
.▓.▓.▓.▓.▓.▓.▓.▓'▓
.▓.▓.▓.▓.▓.▓'▓.▓(▓
.▓.▓.▓.▓.▓.▓.▓.▓)▓


There were no monsters in sight!

Vanquished Creatures
  Antaeus (D)
  Asmodeus (D)
  Cerebov (D)
  the royal jelly (D)
  Gloorx Vloq (D)
  Mnoleg (D)
  Lom Lobon (D)
  4 orbs of fire (D)
  7 ancient liches (D)
  4 greater mummies (D)
  Boris (D)
  A curse toe (D)
  Margery (D)
  Norris (D)
  8 pandemonium lords (D)
  Mara (D)
  Mennas (D)
  Geryon (D)
  A Killer Klown (D)
  Jory (D)
  Xtahua (D)
  Frederick (D)
  3 electric golems (D)
  2 Brimstone Fiends (D)
  Nikola (D)
  2 golden dragons (D)
  3 Hell Sentinels (D)
  2 tentacled monstrosities (D)
  An Ice Fiend (D)
  4 deep elf blademasters (D)
  4 titans (D)
  37 Orb Guardians (D)
  3 liches (D)
  2 Shadow Fiends (D)
  5 deep elf master archers (D)
  12 sphinxes (D)
  5 Executioners (D)
  9 acid blobs (D)
  5 azure jellies (D)
  8 shadow dragons (D)
  Ilsuiw (D)
  5 storm dragons (D)
  3 greater nagas (D)
  2 black suns (D)
  A deep elf sorcerer (D)
  4 vault wardens (D)
  2 draconian monks (D)
  12 fire giants (D)
  An orc warlord (D)
  Louise (D)
  9 death oozes (D)
  6 frost giants (D)
  3 emperor scorpions (D)
  5 ghost moths (D)
  2 draconian zealots (D)
  A chaos champion (D)
  4 deep elf demonologists (D)
  5 reapers (D)
  4 draconian scorchers (D)
  A draconian shifter (D)
  2 grey draconians (D)
  7 stone giants (D)
  2 draconian knights (D)
  10 vampire knights (D)
  A starcursed mass (D)
  2 deep elf annihilators (D)
  A green draconian (D)
  A black draconian (D)
  3 lorocyprocas (D)
  5 merfolk javelineers (D)
  3 red draconians (D)
  5 minotaurs (D)
  2 ettins (D)
  Snorg (D)
  A deep elf death mage (D)
  2 merfolk impalers (D)
  8 fire dragons (D)
  2 pale draconians (D)
  2 mummy priests (D)
  2 blizzard demons (D)
  25 vault guards (D)
  4 great orbs of eyes (D)
  2 green deaths (D)
  4 ironheart preservers (D)
  2 deep elf high priests (D)
  A mottled draconian (D)
  A siren (D)
  2 yaktaur captains (D)
  A white draconian (D)
  3 death cobs (D)
  3 naga warriors (D)
  4 ice dragons (D)
  8 hydras (D)
  A monstrous demonspawn (D)
  A rakshasa (D)
  A deep troll earth mage (D)
  Erica (D)
  2 alligators (D)
  5 merfolk aquamancers (D)
  A satyr (D)
  A death yak (D)
  2 tengu warriors (D)
  A centaur warrior (D)
  Urug (D)
  A catoblepas (D)
  5 soul eaters (D)
  A fire crab (D)
  Nergalle (D)
  A salamander mystic (D)
  2 very ugly things (D)
  5 hell knights (D)
  2 iron trolls (D)
  4 sun demons (D)
  6 large abominations (D)
  3 deep elf knights (D)
  An orb spider (D)
  2 ice devils (D)
  A sea snake (D)
  2 infernal demonspawn (D)
  5 shadow demons (D)
  A shadow dragon zombie (D)
  3 putrid demonspawn (D)
  2 giant orange brains (D)
  6 swamp dragons (D)
  An ironbrand convoker (D)
  A necromancer (D)
  5 orc knights (D)
  A deathcap (D)
  A torturous demonspawn (D)
  4 wolf spiders (D)
  2 manticores (D)
  6 orc sorcerers (D)
  A harpy (D)
  4 griffons (D)
  A frost giant zombie (D)
  5 hellions (D)
  2 red wasps (D)
  2 cyclopes (D)
  3 spiny frogs (D)
  5 smoke demons (D)
  4 guardian serpents (D)
  3 black mambas (D)
  4 sixfirhies (D)
  7 naga magi (D)
  4 orange demons (D)
  12 moths of wrath (D)
  A kobold demonologist (D)
  2 tengu conjurers (D)
  3 yaktaurs (D)
  2 vault sentinels (D)
  An efreet (D)
  A fire drake (D)
  2 komodo dragons (D)
  22 guardian mummies (D)
  2 demonic crawlers (D)
  A deep elf priest (D)
  5 hellwings (D)
  4 iron devils (D)
  A wandering mushroom (D)
  A minotaur zombie (D)
  An iron troll skeleton (D)
  A two-headed ogre (D)
  4 merfolk (D)
  A giant leech (shapeshifter) (D)
  3 hell beasts (D)
  7 red devils (D)
  A wind drake (D)
  3 polar bears (D)
  3 jumping spiders (D)
  3 blue devils (D)
  A blink frog (D)
  A boulder beetle (D)
  11 spriggans (D)
  3 ynoxinuls (D)
  A tarantella (D)
  2 shadows (D)
  A brown ooze (shapeshifter) (D)
  3 deep elf magi (D)
  A wyvern (D)
  3 vampires (D)
  A toenail golem (D)
  5 redbacks (D)
  A water elemental (D)
  4 wolves (D)
  5 golden eyes (D)
  Grum (D)
  5 deep elf fighters (D)
  3 neqoxecs (D)
  A chaos spawn (D)
  3 nagas (D)
  2 hippogriffs (D)
  4 water moccasins (D)
  11 orc warriors (D)
  A porcupine (D)
  2 mottled dragons (D)
  A swamp drake (D)
  A spider (D)
  5 black bears (D)
  2 ice beasts (D)
  4 small abominations (D)
  A crocodile (D)
  A centaur (D)
  2 giant frogs (D)
  A giant slug (D)
  An eye of draining (shapeshifter) (D)
  An eye of draining (D)
  A scorpion (D)
  A tengu skeleton (D)
  2 wights (D)
  2 crimson imps (D)
  2 orc priests (D)
  An iguana (D)
  13 orc wizards (D)
  A quasit (D)
  3 worker ants (D)
  A spectral orc (D)
  An orange rat (D)
  5 orc zombies (D)
  A scorpion zombie (D)
  2 adders (D)
  2 shadow imps (D)
  A white imp (D)
  7 ufetubi (D)
  An adder zombie (D)
  A giant eyeball (D)
  8 orcs (D)
  A bat (D)
  2 goblins (D)
  A hobgoblin (D)
  A jackal (D)
  2 giant geckos (D)
  A giant newt (D)
  A giant newt skeleton (D)
  A goblin skeleton (D)
  2 kobolds (D)
  3 rats (D)
  4 crawling corpses (D)
738 creatures vanquished.

Vanquished Creatures (collateral kills)
  Ereshkigal (D)
  Dispater (D)
2 creatures vanquished.

Vanquished Creatures (others)
  A daeva (D)
  A fire giant (D)
  A shambling mangrove (D)
  A naga mage (D)
  A giant firefly (D)
  A moth of wrath zombie (D)
  A raven (D)
  A vampire (D)
  A swamp drake (D)
  An orc (D)
  A kobold zombie (D)
11 creatures vanquished.

Grand Total: 751 creatures vanquished

Notes
Turn   | Place    | Note
--------------------------------------------------------------
     0 | D        | MDvedh, the Minotaur Fighter, began the quest for the Orb.
     0 | D        | Reached XP level 1. HP: 19/19 MP: 1/1
    19 | D        | Reached skill level 4 in Long Blades
    46 | D        | Noticed a centaur
    46 | D        | Noticed a worker ant
    55 | D        | Reached skill level 6 in Long Blades
    55 | D        | Reached XP level 2. HP: 23/26 MP: 1/1
    68 | D        | Killed a centaur
    68 | D        | Reached skill level 10 in Long Blades
    68 | D        | Reached XP level 3. HP: 14/31 MP: 2/2
    68 | D        | Reached XP level 4. HP: 17/39 MP: 2/2
    76 | D        | Killed a worker ant
    76 | D        | Reached skill level 11 in Long Blades
   368 | D        | Found a glowing silver altar of Zin.
   368 | D        | Found a glowing golden altar of the Shining One.
   368 | D        | Found an ancient bone altar of Kikubaaqudgha.
   368 | D        | Found a basalt altar of Yredelemnul.
   368 | D        | Found a shimmering altar of Xom.
   368 | D        | Found a radiant altar of Vehumet.
   368 | D        | Found an iron altar of Okawaru.
   369 | D        | Found a burning altar of Makhleb.
   370 | D        | Found a deep blue altar of Sif Muna.
   371 | D        | Found a bloodstained altar of Trog.
   372 | D        | Found a sparkling altar of Nemelex Xobeh.
   373 | D        | Found a white marble altar of Elyvilon.
   374 | D        | Found a roughly hewn altar of Beogh.
   375 | D        | Found a viscous altar of Jiyva.
   376 | D        | Found a corrupted altar of Lugonu.
   377 | D        | Found a blossoming altar of Fedhas.
   378 | D        | Found a snail-covered altar of Cheibriados.
   379 | D        | Found a shadowy altar of Dithmenos.
   380 | D        | Found a stormy altar of Qazlal.
   381 | D        | Found an opulent altar of Gozag.
   557 | D        | Became a worshipper of Warmaster Okawaru
   617 | D        | Noticed a worker ant
   617 | D        | Noticed an iguana
   617 | D        | Noticed an ice beast
   617 | D        | Noticed a worker ant
   632 | D        | Killed a worker ant
   632 | D        | Reached skill level 12 in Long Blades
   632 | D        | Reached XP level 5. HP: 45/45 MP: 2/2
   638 | D        | Killed an iguana
   643 | D        | Killed an ice beast
   643 | D        | Reached skill level 14 in Long Blades
   648 | D        | Killed a worker ant
   648 | D        | Reached XP level 6. HP: 26/51 MP: 3/3
   885 | D        | Noticed a scorpion
   885 | D        | Noticed an efreet
   885 | D        | Noticed an orc wizard
   885 | D        | Noticed a centaur warrior
   890 | D        | Killed a scorpion
   900 | D        | Reached skill level 5 in Armour
   903 | D        | Killed an efreet
   903 | D        | Acquired Okawaru's first power
   903 | D        | Reached XP level 7. HP: 66/66 MP: 3/3
   906 | D        | Killed an orc wizard
   914 | D        | Killed a centaur warrior
   914 | D        | Reached XP level 8. HP: 77/79 MP: 3/3
  1132 | D        | Noticed a giant frog
  1132 | D        | Noticed a hippogriff
  1132 | D        | Noticed a komodo dragon
  1132 | D        | Noticed a porcupine
  1132 | D        | Noticed a komodo dragon
  1136 | D        | Killed a giant frog
  1136 | D        | Reached skill level 10 in Fighting
  1136 | D        | Reached skill level 10 in Armour
  1136 | D        | Reached skill level 10 in Shields
  1139 | D        | Noticed a giant slug
  1139 | D        | Killed a hippogriff
  1148 | D        | Killed a komodo dragon
  1151 | D        | Killed a porcupine
  1160 | D        | Killed a komodo dragon
  1160 | D        | Reached XP level 9. HP: 86/89 MP: 2/4
  1165 | D        | Killed a giant slug
  1325 | D        | Noticed a giant frog
  1325 | D        | Noticed a crocodile
  1325 | D        | Noticed a water moccasin
  1325 | D        | Noticed an orange rat
  1325 | D        | Noticed a water moccasin
  1325 | D        | Noticed a spiny frog
  1329 | D        | Noticed a water moccasin
  1333 | D        | Killed a giant frog
  1338 | D        | Killed a crocodile
  1339 | D        | Noticed a fire drake
  1342 | D        | Killed a water moccasin
  1347 | D        | Killed an orange rat
  1353 | D        | Killed a water moccasin
  1358 | D        | Killed a spiny frog
  1368 | D        | Killed a water moccasin
  1373 | D        | Killed a fire drake
  1690 | D        | Noticed a polar bear
  1690 | D        | Noticed a polar bear
  1690 | D        | Noticed a black bear
  1690 | D        | Noticed a black bear
  1690 | D        | Noticed a black bear
  1690 | D        | Noticed a polar bear
  1690 | D        | Noticed a black bear
  1695 | D        | Killed a polar bear
  1695 | D        | Acquired Okawaru's second power
  1705 | D        | Killed a polar bear
  1705 | D        | Reached skill level 1 in Invocations
  1713 | D        | Killed a polar bear
  1715 | D        | Noticed a black bear
  1719 | D        | Killed a black bear
  1719 | D        | Reached XP level 10. HP: 90/101 MP: 3/7
  1721 | D        | Killed a black bear
  1727 | D        | Killed a black bear
  1727 | D        | Received a gift from Okawaru
  1729 | D        | Killed a black bear
  1736 | D        | Killed a black bear
  1960 | D        | Noticed a wolf
  1961 | D        | Noticed a wolf
  1962 | D        | Noticed Grum
  1965 | D        | Noticed a wolf
  1966 | D        | Noticed a wolf
  1969 | D        | Killed a wolf
  1982 | D        | Killed Grum
  1982 | D        | Received a gift from Okawaru
  1986 | D        | Killed a wolf
  1987 | D        | Killed a wolf
  1992 | D        | Killed a wolf
  2008 | D        | Noticed Erica
  2037 | D        | Killed Erica
  2037 | D        | Reached skill level 5 in Invocations
  2157 | D        | Noticed an orc wizard
  2157 | D        | Noticed an orc warrior
  2159 | D        | Noticed an orc priest
  2161 | D        | Killed an orc wizard
  2162 | D        | Noticed an orc warrior
  2167 | D        | Killed an orc warrior
  2169 | D        | Noticed an orc knight
  2173 | D        | Noticed an orc wizard
  2177 | D        | Killed an orc warrior
  2190 | D        | Killed an orc knight
  2193 | D        | Killed an orc wizard
  2196 | D        | Killed an orc priest
  2389 | D        | Noticed an orc warrior
  2389 | D        | Noticed an orc warrior
  2389 | D        | Noticed an orc warrior
  2389 | D        | Noticed an orc warrior
  2389 | D        | Noticed an orc wizard
  2389 | D        | Noticed an orc knight
  2389 | D        | Noticed an orc warrior
  2390 | D        | Noticed an orc priest
  2393 | D        | Noticed an orc warrior
  2397 | D        | Killed an orc warrior
  2398 | D        | Noticed an orc warrior
  2405 | D        | Killed an orc warrior
  2406 | D        | Noticed an orc warrior
  2414 | D        | Killed an orc knight
  2414 | D        | Reached skill level 15 in Fighting
  2414 | D        | Reached skill level 15 in Armour
  2414 | D        | Reached skill level 15 in Shields
  2420 | D        | Noticed an orc warrior
  2422 | D        | Killed an orc warrior
  2426 | D        | Killed an orc warrior
  2430 | D        | Killed an orc warrior
  2435 | D        | Killed an orc warrior
  2436 | D        | Killed an orc warrior
  2436 | D        | Received a gift from Okawaru
  2440 | D        | Killed an orc warrior
  2442 | D        | Killed an orc wizard
  2444 | D        | Killed an orc warrior
  2449 | D        | Killed an orc priest
  2640 | D        | Found Nosywull's Magic Scroll Emporium.
  2640 | D        | Noticed an orc sorcerer
  2640 | D        | Noticed an orc wizard
  2640 | D        | Noticed an orc wizard
  2640 | D        | Noticed an orc wizard
  2640 | D        | Noticed an orc sorcerer
  2640 | D        | Noticed an orc sorcerer
  2645 | D        | Killed an orc sorcerer
  2645 | D        | Reached XP level 11. HP: 111/113 MP: 10/18
  2646 | D        | Found Vyllonyh's General Store.
  2646 | D        | Noticed an orc wizard
  2647 | D        | Noticed a soul eater
  2647 | D        | Killed an orc wizard
  2658 | D        | Killed an orc sorcerer
  2662 | D        | Killed an orc wizard
  2668 | D        | Noticed an orc wizard
  2669 | D        | Killed an orc wizard
  2675 | D        | Killed a soul eater
  2679 | D        | Killed an orc sorcerer
  2680 | D        | Found Stiwny's Jewellery Emporium.
  2682 | D        | Killed an orc wizard
  2686 | D        | Killed an orc wizard
  2687 | D        | Found Grosail's Armour Shoppe.
  2688 | D        | Noticed an orc wizard
  2689 | D        | Noticed an orc wizard
  2690 | D        | Noticed an orc sorcerer
  2691 | D        | Noticed an orc wizard
  2694 | D        | Killed an orc wizard
  2695 | D        | Noticed an orc sorcerer
  2699 | D        | Killed an orc wizard
  2709 | D        | Killed an orc sorcerer
  2714 | D        | Killed an orc sorcerer
  2714 | D        | Reached skill level 16 in Shields
  2722 | D        | Killed an orc wizard
  2810 | D        | Bought a scroll of enchant weapon II for 55 gold pieces
  2810 | D        | Bought a scroll of enchant armour for 75 gold pieces
  2985 | D        | Got the +0 scale mail of the Burgomaster {rN+ Dam+3 SInv}
  3063 | D        | Noticed a catoblepas
  3063 | D        | Noticed a five-headed hydra
  3063 | D        | Noticed a tengu conjurer
  3063 | D        | Noticed a tengu warrior
  3063 | D        | Noticed a shadow
  3063 | D        | Noticed a two-headed ogre
  3070 | D        | Killed a catoblepas
  3071 | D        | Noticed a hippogriff
  3073 | D        | Noticed an ice dragon
  3080 | D        | Killed a two-headed hydra
  3081 | D        | Noticed a fire dragon
  3085 | D        | Killed a tengu conjurer
  3087 | D        | Noticed an ettin
  3091 | D        | Killed a tengu warrior
  3091 | D        | Reached skill level 17 in Fighting
  3092 | D        | Killed a shadow
  3093 | D        | Noticed a deep elf mage
  3095 | D        | Killed a two-headed ogre
  3096 | D        | Noticed an emperor scorpion
  3098 | D        | Killed a hippogriff
  3099 | D        | Noticed a fire dragon
  3107 | D        | Noticed a deep troll earth mage
  3112 | D        | Killed an ice dragon
  3123 | D        | Killed a fire dragon
  3123 | D        | Reached skill level 18 in Fighting
  3135 | D        | Killed an ettin
  3138 | D        | Killed a deep elf mage
  3156 | D        | Killed an emperor scorpion
  3156 | D        | Reached XP level 12. HP: 57/129 MP: 18/20
  3162 | D        | Killed a fire dragon
  3162 | D        | Reached skill level 19 in Fighting
  3168 | D        | Killed a deep troll earth mage
  3509 | D        | Noticed Urug
  3525 | D        | Killed Urug
  3681 | D        | Noticed a manticore
  3681 | D        | Noticed a harpy
  3681 | D        | Noticed a cyclops
  3681 | D        | Noticed a manticore
  3681 | D        | Noticed a merfolk aquamancer
  3681 | D        | Noticed a merfolk
  3681 | D        | Noticed a satyr
  3682 | D        | Noticed a sea snake
  3693 | D        | Killed a manticore
  3696 | D        | Killed a harpy
  3696 | D        | Received a gift from Okawaru
  3700 | D        | Noticed a wind drake
  3709 | D        | Killed a cyclops
  3717 | D        | Killed a manticore
  3717 | D        | Reached skill level 20 in Fighting
  3722 | D        | Killed a merfolk aquamancer
  3785 | D        | Killed a merfolk
  3801 | D        | Killed a satyr
  3801 | D        | Received a gift from Okawaru
  3814 | D        | Killed a sea snake
  3821 | D        | Killed a wind drake
  4143 | D        | Noticed a spiny frog
  4143 | D        | Noticed an alligator
  4143 | D        | Noticed a shambling mangrove
  4143 | D        | Noticed a giant firefly
  4143 | D        | Noticed a swamp drake
  4143 | D        | Noticed a raven
  4143 | D        | Noticed an alligator
  4146 | D        | Killed a spiny frog
  4147 | D        | Noticed a spiny frog
  4152 | D        | Noticed a red wasp
  4154 | D        | Killed a shambling mangrove
  4157 | D        | Killed a giant firefly
  4158 | D        | Killed a swamp drake
  4160 | D        | Killed a raven
  4167 | D        | Killed an alligator
  4172 | D        | Killed an alligator
  4173 | D        | Killed a spiny frog
  4173 | D        | Reached skill level 21 in Fighting
  4178 | D        | Killed a red wasp
  4207 | D        | Noticed a naga mage
  4207 | D        | Noticed a black mamba
  4207 | D        | Noticed a guardian serpent
  4207 | D        | Noticed a naga
  4207 | D        | Noticed a naga mage
  4207 | D        | Noticed a naga mage
  4207 | D        | Noticed a naga mage
  4208 | D        | Noticed a black mamba
  4213 | D        | Noticed a black mamba
  4215 | D        | Killed a naga mage
  4215 | D        | Received a gift from Okawaru
  4225 | D        | Killed a guardian serpent
  4230 | D        | Killed a naga mage
  4238 | D        | Killed a black mamba
  4247 | D        | Killed a naga mage
  4254 | D        | Killed a naga mage
  4266 | D        | Killed a naga
  4272 | D        | Killed a black mamba
  4273 | D        | Killed a black mamba
  4548 | D        | Noticed a tarantella
  4548 | D        | Noticed a jumping spider
  4548 | D        | Noticed a redback
  4548 | D        | Noticed a jumping spider
  4548 | D        | Noticed an orb spider
  4548 | D        | Noticed a spider
  4548 | D        | Noticed a jumping spider
  4556 | D        | Noticed a wolf spider
  4559 | D        | Killed a jumping spider
  4561 | D        | Killed a redback
  4562 | D        | Noticed a redback
  4563 | D        | Killed a tarantella
  4569 | D        | Killed a jumping spider
  4569 | D        | Reached XP level 13. HP: 122/145 MP: 1/21
  4571 | D        | Killed a jumping spider
  4574 | D        | Killed a spider
  4574 | D        | Reached skill level 22 in Armour
  4580 | D        | Killed a wolf spider
  4582 | D        | Killed a redback
  4588 | D        | Killed an orb spider
  4588 | D        | Received a gift from Okawaru
  4593 | D        | Got an ichor-stained great sword {god gift}
  4737 | D        | Noticed Nergalle
  4752 | D        | Killed Nergalle
  4758 | D        | Noticed Snorg
  4775 | D        | Killed Snorg
  5119 | D        | Noticed a great orb of eyes
  5119 | D        | Noticed a vampire
  5119 | D        | Noticed an ice dragon
  5119 | D        | Noticed a brown very ugly thing
  5119 | D        | Noticed a tengu conjurer
  5119 | D        | Noticed an iron troll
  5119 | D        | Noticed a fire giant
  5277 | D        | Killed a great orb of eyes
  5278 | D        | Noticed an ettin
  5281 | D        | Killed a vampire
  5288 | D        | Killed an ice dragon
  5289 | D        | Noticed a great orb of eyes
  5291 | D        | Noticed a fire dragon
  5293 | D        | Killed a brown very ugly thing
  5294 | D        | Noticed a frost giant
  5298 | D        | Killed a tengu conjurer
  5299 | D        | Noticed a minotaur
  5311 | D        | Killed an iron troll
  5311 | D        | Reached skill level 23 in Fighting
  5312 | D        | Noticed a fire dragon
  5321 | D        | Killed a fire giant
  5322 | D        | Noticed a necromancer
  5329 | D        | Killed an ettin
  5479 | D        | Killed a great orb of eyes
  5748 | D        | Killed a fire dragon
  5748 | D        | Received a gift from Okawaru
  5758 | D        | Killed a frost giant
  5769 | D        | Killed a minotaur
  5769 | D        | Reached skill level 24 in Fighting
  5925 | D        | Noticed a vampire
  5936 | D        | Killed a fire dragon
  5967 | D        | Killed a necromancer
  5971 | D        | Killed a vampire
  6048 | D        | Noticed a death yak
  6056 | D        | Killed a death yak
  6132 | D        | Noticed a yaktaur
  6143 | D        | Killed a yaktaur
  6146 | D        | Noticed an orc knight
  6146 | D        | Noticed a griffon
  6146 | D        | Noticed an orc knight
  6146 | D        | Noticed an ironheart preserver
  6146 | D        | Noticed a cyclops
  6146 | D        | Noticed an ironheart preserver
  6146 | D        | Noticed a kobold demonologist
  6155 | D        | Noticed an ironbrand convoker
  6155 | D        | Killed an orc knight
  6156 | D        | Noticed a vault warden
  6162 | D        | Killed an ironheart preserver
  6165 | D        | Noticed a fire dragon
  6165 | D        | Killed a griffon
  6172 | D        | Noticed a vault warden
  6183 | D        | Killed an orc knight
  6184 | D        | Noticed a yaktaur captain
  6187 | D        | Killed an ironheart preserver
  6187 | D        | Reached skill level 25 in Armour
  6189 | D        | Noticed a griffon
  6193 | D        | Killed a cyclops
  6202 | D        | Killed a kobold demonologist
  6211 | D        | Killed a vault warden
  6211 | D        | Reached XP level 14. HP: 137/162 MP: 3/22
  6222 | D        | Killed an ironbrand convoker
  6223 | D        | Noticed a troll
  6225 | D        | Noticed a stone giant
  6231 | D        | Killed a fire dragon
  6232 | D        | Noticed a stone giant
  6241 | D        | a troll changed into a wind drake
  6245 | D        | Killed a vault warden
  6245 | D        | Received a gift from Okawaru
  6247 | D        | Noticed a vault warden
  6253 | D        | Killed a yaktaur captain
  6254 | D        | Noticed a red wasp
  6260 | D        | Noticed an ironheart preserver
  6260 | D        | Killed a griffon
  6275 | D        | Killed a stone giant
  6286 | D        | Killed a stone giant
  6286 | D        | Reached skill level 26 in Fighting
  6287 | D        | Noticed a fire giant
  6290 | D        | Noticed a yaktaur
  6303 | D        | Killed an ironheart preserver
  6305 | D        | Killed a vault warden
  6309 | D        | Killed a red wasp
  6318 | D        | Killed a fire giant
  6326 | D        | Killed a yaktaur
  6596 | D        | Noticed Frederick
  6597 | D        | Noticed Jory
  6620 | D        | Killed Frederick
  6636 | D        | Killed Jory
  6636 | D        | Reached skill level 27 in Fighting
  6636 | D        | Reached skill level 27 in Armour
  6636 | D        | Reached skill level 15 in Long Blades
  6909 | D        | Noticed Boris
  6926 | D        | Killed Boris
  6926 | D        | Received a gift from Okawaru
  7010 | D        | Got the +0 cloak "Duumok" {+Blink +Fly rElec}
  7219 | D        | Noticed Louise
  7241 | D        | Killed Louise
  7262 | D        | Noticed a wolf spider
  7262 | D        | Noticed a demonic crawler
  7262 | D        | Noticed a redback
  7262 | D        | Noticed an emperor scorpion
  7262 | D        | Noticed a demonic crawler
  7264 | D        | Killed a ghost moth
  7269 | D        | Killed a wolf spider
  7271 | D        | Noticed an emperor scorpion
  7275 | D        | Killed a demonic crawler
  7291 | D        | Killed an emperor scorpion
  7297 | D        | Killed a redback
  7301 | D        | Killed a demonic crawler
  7314 | D        | Killed a ghost moth
  7329 | D        | Killed an emperor scorpion
  7338 | D        | Killed a ghost moth
  7338 | D        | Reached XP level 15. HP: 101/174 MP: 0/23
  7346 | D        | Killed a ghost moth
  7346 | D        | Reached skill level 10 in Dodging
  7351 | D        | Noticed a wolf spider
  7352 | D        | Noticed a redback
  7373 | D        | Killed a ghost moth
  7380 | D        | Killed a wolf spider
  7382 | D        | Killed a redback
  7541 | D        | Received a gift from Okawaru
  7645 | D        | Got a gossamer rune of Zot
  7652 | D        | Noticed a merfolk aquamancer
  7652 | D        | Noticed a merfolk javelineer
  7652 | D        | Noticed a merfolk aquamancer
  7652 | D        | Noticed a merfolk aquamancer
  7652 | D        | Noticed a merfolk impaler
  7652 | D        | Noticed a merfolk
  7652 | D        | Noticed Ilsuiw
  7654 | D        | Killed a merfolk aquamancer
  7655 | D        | Noticed a merfolk aquamancer
  7656 | D        | Noticed a merfolk javelineer
  7659 | D        | Noticed a merfolk javelineer
  7660 | D        | Killed a merfolk aquamancer
  7667 | D        | Killed a merfolk aquamancer
  7668 | D        | Noticed a merfolk impaler
  7678 | D        | Killed a merfolk javelineer
  7679 | D        | Noticed a siren
  7713 | D        | Killed Ilsuiw
  7714 | D        | Noticed a merfolk javelineer
  7718 | D        | Killed a merfolk aquamancer
  7726 | D        | Killed a merfolk javelineer
  7735 | D        | Killed a merfolk javelineer
  7742 | D        | Killed a siren
  7742 | D        | Received a gift from Okawaru
  7748 | D        | Killed a merfolk javelineer
  7756 | D        | Killed a merfolk impaler
  7767 | D        | Killed a merfolk impaler
  7772 | D        | Killed a merfolk
  7781 | D        | Got a barnacled rune of Zot
  7819 | D        | Noticed a seven-headed hydra
  7819 | D        | Noticed a swamp dragon
  7819 | D        | Noticed a six-headed hydra
  7819 | D        | Noticed a seven-headed hydra
  7819 | D        | Noticed a four-headed hydra
  7819 | D        | Noticed a swamp dragon
  7819 | D        | Noticed a water moccasin
  7830 | D        | Killed a 14-headed hydra
  7831 | D        | Noticed a swamp dragon
  7835 | D        | Killed a swamp dragon
  7840 | D        | Noticed a swamp dragon
  7844 | D        | Killed a 13-headed hydra
  7848 | D        | Noticed a four-headed hydra
  7855 | D        | Noticed a swamp dragon
  7860 | D        | Killed a 19-headed hydra
  7868 | D        | Killed a 11-headed hydra
  7869 | D        | Noticed a swamp dragon
  7872 | D        | Noticed a swamp drake
  7878 | D        | Killed a swamp dragon
  7881 | D        | Killed a water moccasin
  7890 | D        | Killed a swamp dragon
  7904 | D        | Killed a swamp dragon
  7904 | D        | Received a gift from Okawaru
  8350 | D        | Killed a 15-headed hydra
  8401 | D        | Killed a swamp dragon
  8710 | D        | Killed a swamp dragon
  8715 | D        | Killed a swamp drake
  8951 | D        | Got a decaying rune of Zot
  8958 | D        | Noticed a guardian serpent
  8958 | D        | Noticed a greater naga
  8958 | D        | Noticed a guardian serpent
  8958 | D        | Noticed a greater naga
  8958 | D        | Noticed a naga mage
  8958 | D        | Noticed a guardian serpent
  8958 | D        | Noticed a greater naga
  8963 | D        | Noticed a naga mage
  8963 | D        | Killed a guardian serpent
  8968 | D        | Killed a greater naga
  8969 | D        | Noticed a naga
  8973 | D        | Noticed a naga mage
  8977 | D        | Killed a guardian serpent
  8978 | D        | Noticed a naga mage
  8981 | D        | Killed a naga mage
  8992 | D        | Killed a greater naga
  8992 | D        | Reached skill level 15 in Dodging
  8994 | D        | Killed a naga
  8998 | D        | Killed a guardian serpent
  9007 | D        | Killed a greater naga
  9012 | D        | Killed a naga mage
  9014 | D        | Killed a naga mage
  9020 | D        | Killed a naga mage
  9219 | D        | Noticed a naga warrior
  9220 | D        | Noticed a naga
  9235 | D        | Killed a naga warrior
  9238 | D        | Killed a naga
  9242 | D        | Got a serpentine rune of Zot
  9322 | D        | Noticed a hell knight
  9323 | D        | Noticed a hell knight
  9324 | D        | Noticed Xtahua
  9325 | D        | Noticed Margery
  9327 | D        | Noticed a hell knight
  9330 | D        | Killed a hell knight
  9331 | D        | Noticed a hell knight
  9333 | D        | Noticed a hell knight
  9335 | D        | Killed a hell knight
  9350 | D        | Killed Xtahua
  9350 | D        | Received a gift from Okawaru
  9367 | D        | Killed Margery
  9376 | D        | Killed a hell knight
  9379 | D        | Killed a hell knight
  9387 | D        | Killed a hell knight
  9634 | D        | Noticed a vault guard
  9634 | D        | Noticed a vault guard
  9634 | D        | Noticed a vault guard
  9634 | D        | Noticed a vault guard
  9634 | D        | Noticed a vault guard
  9634 | D        | Noticed a vault guard
  9634 | D        | Noticed a vault guard
  9643 | D        | Noticed a vault guard
  9644 | D        | Killed a vault guard
  9645 | D        | Noticed a vault guard
  9657 | D        | Killed a vault guard
  9657 | D        | Reached XP level 16. HP: 175/183 MP: 8/24
  9670 | D        | Killed a vault guard
  9673 | D        | Noticed a vault guard
  9674 | D        | Killed a vault guard
  9675 | D        | Noticed a vault guard
  9678 | D        | Noticed a vault guard
  9685 | D        | Killed a vault guard
  9686 | D        | Noticed a vault guard
  9692 | D        | Killed a vault guard
  9693 | D        | Noticed a vault guard
  9699 | D        | Killed a vault guard
  9701 | D        | Noticed a vault guard
  9708 | D        | Killed a vault guard
  9713 | D        | Killed a vault guard
  9714 | D        | Noticed a vault guard
  9724 | D        | Killed a vault guard
  9729 | D        | Killed a vault guard
  9736 | D        | Killed a vault guard
  9740 | D        | Killed a vault guard
  9746 | D        | Killed a vault guard
  9757 | D        | Killed a vault guard
  9758 | D        | Noticed a vault guard
  9765 | D        | Killed a vault guard
  9766 | D        | Noticed a vault guard
  9767 | D        | Noticed a vault guard
  9774 | D        | Killed a vault guard
  9775 | D        | Noticed a vault guard
  9781 | D        | Killed a vault guard
  9785 | D        | Killed a vault guard
  9786 | D        | Noticed a vault guard
  9787 | D        | Noticed a vault guard
  9791 | D        | Noticed a vault guard
  9791 | D        | Killed a vault guard
  9793 | D        | Noticed a vault guard
  9803 | D        | Killed a vault guard
  9804 | D        | Noticed a vault guard
  9810 | D        | Killed a vault guard
  9810 | D        | Received a gift from Okawaru
  9817 | D        | Killed a vault guard
  9827 | D        | Killed a vault guard
  9835 | D        | Killed a vault guard
  9900 | D        | Noticed a red very ugly thing
  9900 | D        | Noticed a wolf spider
  9900 | D        | Noticed a vault sentinel
  9900 | D        | Noticed an ironheart preserver
  9900 | D        | Noticed a fire giant
  9900 | D        | Noticed a stone giant
  9900 | D        | Noticed a yaktaur
  9907 | D        | Killed a red very ugly thing
  9914 | D        | Killed a wolf spider
  9918 | D        | Noticed a deep elf fighter
  9922 | D        | Killed an ironheart preserver
  9925 | D        | Noticed a vault warden
  9929 | D        | Killed a vault sentinel
  9936 | D        | Noticed a vault sentinel
  9936 | D        | Killed a fire giant
  9941 | D        | Killed a stone giant
  9942 | D        | Noticed a shadow dragon
  9946 | D        | Killed a yaktaur
  9947 | D        | Noticed a boulder beetle
  9950 | D        | Killed a deep elf fighter
  9953 | D        | Noticed a shadow dragon
  9957 | D        | Noticed a redback
  9965 | D        | Noticed a giant orange brain
  9970 | D        | Killed a vault warden
  9970 | D        | Received a gift from Okawaru
  9971 | D        | Noticed a fire crab
  9977 | D        | Killed a vault sentinel
  9984 | D        | Killed a shadow dragon
  9992 | D        | Killed a boulder beetle
  9999 | D        | Killed a shadow dragon
 10001 | D        | Killed a redback
 10006 | D        | Killed a giant orange brain
 10010 | D        | Killed a fire crab
 10042 | D        | Gained mutation: Your body is slowly deteriorating. [mutagenic glow]
 10196 | D        | Lost mutation: Your body is slowly deteriorating. [potion of cure mutation]
 10285 | D        | Noticed a yaktaur captain
 10285 | D        | Noticed a shadow dragon
 10285 | D        | Noticed a shadow dragon
 10285 | D        | Noticed an orc knight
 10285 | D        | Noticed an ancient lich
 10285 | D        | Noticed a shadow dragon
 10285 | D        | Noticed an iron troll
 10287 | D        | Noticed a shadow dragon
 10293 | D        | Killed a yaktaur captain
 10294 | D        | Noticed a titan
 10300 | D        | Killed a shadow dragon
 10322 | D        | Killed a shadow dragon
 10326 | D        | Killed an orc knight
 10354 | D        | Killed an ancient lich
 10354 | D        | Received a gift from Okawaru
 10726 | D        | Killed a shadow dragon
 10737 | D        | Killed an iron troll
 10753 | D        | Killed a shadow dragon
 10762 | D        | Killed a titan
 10762 | D        | Reached XP level 17. HP: 99/191 MP: 5/24
 10764 | D        | Got a ruby-encrusted plate armour {god gift}
 10790 | D        | Identified the +0 plate armour of Ubaorr {MR+} (Okawaru gifted it to you in the Dungeon)
 10937 | D        | Got a silver rune of Zot
 10993 | D        | Learned a level 6 spell: Haste
 11063 | D        | Noticed Mara
 11066 | D        | Noticed MDvedh's illusion
 11089 | D        | Killed Mara
 11089 | D        | Reached skill level 27 in Shields
 11150 | D        | Got the ring "Ghoagh" {MR+ Str+3 Int+3 Acc-5}
 11153 | D        | Got the ring "Tweu" {+Rage rC++ rN+ MR+}
 11164 | D        | Got the ring "Brotirin" {Wiz rElec rC+ Stlth+}
 11168 | D        | Got the amulet of Xugijucu {Gourm Contam}
 11171 | D        | Got the ring of Seur {+Fly rC+ Int+3 Stlth--}
 11178 | D        | Got the +0,+9 demon blade of the Philosopher {drain, Str+3}
 11197 | D        | Got the +0 cloak "Ghas" {Str+3 Dex+5 Int-3}
 11324 | D        | Noticed Nikola
 11325 | D        | Noticed Norris
 11326 | D        | Noticed Mennas
 11336 | D        | Killed Nikola
 11344 | D        | Killed Norris
 11391 | D        | Killed Mennas
 11391 | D        | Reached skill level 27 in Long Blades
 11391 | D        | Reached skill level 5 in Spellcasting
 11391 | D        | Reached skill level 5 in Charms
 11446 | D        | Noticed an eye of draining
 11446 | D        | Noticed a griffon
 11446 | D        | Noticed a wight
 11446 | D        | Noticed a shadow
 11446 | D        | Noticed a tengu warrior
 11446 | D        | Noticed a wyvern
 11448 | D        | Killed an eye of draining
 11452 | D        | Noticed an ice beast
 11452 | D        | Killed a griffon
 11453 | D        | Killed a wight
 11456 | D        | Killed a shadow
 11457 | D        | Noticed a griffon
 11461 | D        | Killed a tengu warrior
 11463 | D        | Killed a wyvern
 11467 | D        | Killed an ice beast
 11471 | D        | Killed a griffon
 11550 | D        | Noticed a storm dragon
 11550 | D        | Noticed a mottled dragon
 11550 | D        | Noticed a fire dragon
 11550 | D        | Noticed an ice dragon
 11550 | D        | Noticed an ice dragon
 11550 | D        | Noticed a storm dragon
 11550 | D        | Noticed a red draconian
 11555 | D        | Killed a storm dragon
 11556 | D        | Noticed a fire dragon
 11558 | D        | Killed a mottled dragon
 11560 | D        | Noticed a red draconian
 11565 | D        | Killed a fire dragon
 11566 | D        | Noticed a green draconian
 11571 | D        | Noticed a mottled dragon
 11572 | D        | Killed an ice dragon
 11573 | D        | Noticed a storm dragon
 11579 | D        | Killed an ice dragon
 11589 | D        | Killed a storm dragon
 11594 | D        | Killed a red draconian
 11607 | D        | Killed a fire dragon
 11624 | D        | Killed a green draconian
 11628 | D        | Killed a red draconian
 11631 | D        | Killed a mottled dragon
 11636 | D        | Killed a storm dragon
 11760 | D        | Noticed an electric golem
 11760 | D        | Noticed a grey draconian scorcher
 11760 | D        | Noticed a death cob
 11760 | D        | Noticed a grey draconian zealot
 11760 | D        | Noticed a pale draconian
 11760 | D        | Noticed a curse toe
 11760 | D        | Noticed a grey draconian
 11770 | D        | Killed an electric golem
 11780 | D        | Killed a grey draconian scorcher
 11784 | D        | Killed a death cob
 11841 | D        | Killed a grey draconian zealot
 11850 | D        | Killed a pale draconian
 11857 | D        | Killed a curse toe
 11857 | D        | Received a gift from Okawaru
 11862 | D        | Killed a grey draconian
 11904 | D        | Received a gift from Okawaru
 12082 | D        | Noticed a moth of wrath
 12082 | D        | Noticed a moth of wrath
 12082 | D        | Noticed a death cob
 12082 | D        | Noticed a death cob
 12082 | D        | Noticed a storm dragon
 12082 | D        | Noticed a grey draconian
 12082 | D        | Noticed a pale draconian
 12084 | D        | Killed a moth of wrath
 12086 | D        | Killed a moth of wrath
 12088 | D        | Noticed a black draconian monk
 12090 | D        | Killed a death cob
 12096 | D        | Killed a death cob
 12103 | D        | Killed a storm dragon
 12103 | D        | Reached skill level 10 in Spellcasting
 12103 | D        | Reached skill level 10 in Charms
 12112 | D        | Killed a grey draconian
 12122 | D        | Killed a pale draconian
 12132 | D        | Killed a black draconian monk
 12196 | D        | Noticed a red draconian
 12196 | D        | Noticed a white draconian
 12196 | D        | Noticed a yellow draconian scorcher
 12196 | D        | Noticed a white draconian knight
 12196 | D        | Noticed a moth of wrath
 12196 | D        | Noticed a moth of wrath
 12196 | D        | Noticed a black draconian scorcher
 12200 | D        | Noticed a black draconian
 12211 | D        | Killed a red draconian
 12212 | D        | Noticed a red draconian monk
 12219 | D        | Killed a white draconian
 12226 | D        | Killed a yellow draconian scorcher
 12237 | D        | Killed a white draconian knight
 12241 | D        | Killed a moth of wrath
 12243 | D        | Killed a moth of wrath
 12251 | D        | Killed a black draconian scorcher
 12258 | D        | Killed a black draconian
 12267 | D        | Killed a red draconian monk
 12427 | D        | Noticed a mottled draconian
 12427 | D        | Noticed a moth of wrath
 12427 | D        | Noticed a mottled draconian knight
 12427 | D        | Noticed a golden dragon
 12427 | D        | Noticed a moth of wrath
 12427 | D        | Noticed a shadow dragon
 12427 | D        | Noticed a tentacled monstrosity
 12433 | D        | Killed a mottled draconian
 12437 | D        | Killed a moth of wrath
 12438 | D        | Noticed a storm dragon
 12439 | D        | Noticed a green draconian shifter
 12444 | D        | Killed a mottled draconian knight
 12455 | D        | Killed a golden dragon
 12455 | D        | Reached XP level 18. HP: 200/200 MP: 29/34
 12459 | D        | Killed a moth of wrath
 12469 | D        | Killed a green draconian shifter
 12481 | D        | Killed a shadow dragon
 12492 | D        | Killed a tentacled monstrosity
 12500 | D        | Killed a storm dragon
 12626 | D        | Noticed an Orb Guardian
 12626 | D        | Noticed an Orb Guardian
 12626 | D        | Noticed an Orb Guardian
 12626 | D        | Noticed an Orb Guardian
 12626 | D        | Noticed an Orb Guardian
 12626 | D        | Noticed an Orb Guardian
 12626 | D        | Noticed an Orb Guardian
 12639 | D        | Killed an Orb Guardian
 12646 | D        | Killed an Orb Guardian
 12646 | D        | Received a gift from Okawaru
 12647 | D        | Noticed an Orb Guardian
 12659 | D        | Killed an Orb Guardian
 12659 | D        | Reached skill level 27 in Dodging
 12660 | D        | Noticed an Orb Guardian
 12664 | D        | Killed an Orb Guardian
 12665 | D        | Noticed an Orb Guardian
 12670 | D        | Killed an Orb Guardian
 12675 | D        | Killed an Orb Guardian
 12676 | D        | Killed an Orb Guardian
 12685 | D        | Killed an Orb Guardian
 12692 | D        | Killed an Orb Guardian
 12701 | D        | Killed an Orb Guardian
 12831 | D        | Noticed a Killer Klown
 12831 | D        | Noticed a moth of wrath
 12831 | D        | Noticed an Orb Guardian
 12831 | D        | Noticed an Orb Guardian
 12831 | D        | Noticed a golden dragon
 12831 | D        | Noticed a moth of wrath
 12831 | D        | Noticed an Orb Guardian
 12839 | D        | Killed a Killer Klown
 12844 | D        | Noticed an Orb Guardian
 12844 | D        | Killed a moth of wrath
 12859 | D        | Killed an Orb Guardian
 12859 | D        | Reached skill level 15 in Charms
 12860 | D        | Killed an Orb Guardian
 12860 | D        | Reached skill level 15 in Spellcasting
 12866 | D        | Killed a golden dragon
 12872 | D        | Killed a moth of wrath
 12879 | D        | Killed an Orb Guardian
 12885 | D        | Killed an Orb Guardian
 12972 | D        | Noticed an ancient lich
 12991 | D        | Killed an ancient lich
 13008 | D        | Noticed an orb of fire
 13012 | D        | Gained mutation: Your body is slowly deteriorating. [an orb of fire]
 13029 | D        | Killed an orb of fire
 13032 | D        | Noticed an electric golem
 13038 | D        | Killed an electric golem
 13041 | D        | Noticed a moth of wrath
 13041 | D        | Noticed a red draconian scorcher
 13041 | D        | Noticed an electric golem
 13041 | D        | Noticed a green draconian zealot
 13041 | D        | Noticed an ancient lich
 13041 | D        | Noticed an ancient lich
 13041 | D        | Noticed an ancient lich
 13043 | D        | Killed a moth of wrath
 13056 | D        | Killed an electric golem
 13104 | D        | Killed a red draconian scorcher
 13111 | D        | Killed a green draconian zealot
 13133 | D        | Killed an ancient lich
 13133 | D        | Received a gift from Okawaru
 13133 | D        | Reached XP level 19. HP: 129/207 MP: 37/40
 13138 | D        | Noticed an orb of fire
 13139 | D        | Killed an ancient lich
 13154 | D        | Killed an ancient lich
 13165 | D        | Killed an orb of fire
 13172 | D        | Identified a +1 pair of boots of running (Okawaru gifted it to you in the Dungeon)
 13172 | D        | Upgraded the game from 0.15-a0-963-gb693d2a to 0.15-a0-970-ga23ad50
 13394 | D        | Noticed an ancient lich
 13412 | D        | Killed an ancient lich
 13725 | D        | Noticed a shadow dragon
 13737 | D        | Killed a shadow dragon
 13741 | D        | Noticed an orb of fire
 13741 | D        | Gained mutation: You are clumsy. (Dex -2) [an orb of fire]
 13796 | D        | Gained mutation: You are dopey. (Int -2) [an orb of fire]
 13806 | D        | Gained mutation: You have a fast metabolism. [an orb of fire]
 13809 | D        | Gained mutation: You have a very fast metabolism. [an orb of fire]
 13810 | D        | Gained mutation: Your body is deteriorating. [an orb of fire]
 13822 | D        | Killed an orb of fire
 13824 | D        | Lost mutation: Your body is deteriorating. [potion of cure mutation]
 13824 | D        | Lost mutation: You are dopey. (Int -2) [potion of cure mutation]
 13824 | D        | Lost mutation: You have a very fast metabolism. [potion of cure mutation]
 13824 | D        | Lost mutation: You have a fast metabolism. [potion of cure mutation]
 14223 | D        | Noticed an ancient lich
 14224 | D        | Noticed a moth of wrath
 14225 | D        | Noticed an orb of fire
 14250 | D        | Killed an ancient lich
 14252 | D        | Killed a moth of wrath
 14272 | D        | Killed an orb of fire
 14512 | D        | Noticed an Orb Guardian
 14512 | D        | Noticed an Orb Guardian
 14512 | D        | Noticed an Orb Guardian
 14512 | D        | Noticed an Orb Guardian
 14512 | D        | Noticed an Orb Guardian
 14512 | D        | Noticed an Orb Guardian
 14512 | D        | Noticed a moth of wrath
 14517 | D        | Killed an Orb Guardian
 14518 | D        | Noticed an Orb Guardian
 14527 | D        | Killed an Orb Guardian
 14528 | D        | Noticed an Orb Guardian
 14547 | D        | Killed an Orb Guardian
 14566 | D        | Killed an Orb Guardian
 14567 | D        | Noticed an Orb Guardian
 14568 | D        | Killed an Orb Guardian
 14571 | D        | Killed an Orb Guardian
 14572 | D        | Noticed an Orb Guardian
 14577 | D        | Killed a moth of wrath
 14578 | D        | Noticed an Orb Guardian
 14584 | D        | Killed an Orb Guardian
 14585 | D        | Noticed a moth of wrath
 14590 | D        | Killed an Orb Guardian
 14591 | D        | Noticed an Orb Guardian
 14597 | D        | Killed an Orb Guardian
 14604 | D        | Killed an Orb Guardian
 14611 | D        | Killed an Orb Guardian
 14613 | D        | Killed a moth of wrath
 14620 | D        | Killed an Orb Guardian
 16330 | D        | Fell from the grace of Okawaru
 16330 | D        | Became a worshipper of the Shining One
 17926 | D        | Noticed a vampire knight
 17926 | D        | Noticed a vampire knight
 17926 | D        | Noticed a lich
 17926 | D        | Noticed a vampire knight
 17926 | D        | Noticed a vampire knight
 17926 | D        | Noticed a vampire knight
 17926 | D        | Noticed a vampire knight
 17931 | D        | Killed a vampire knight
 17935 | D        | Noticed a vampire knight
 17935 | D        | Killed a vampire knight
 17936 | D        | Noticed a vampire knight
 17939 | D        | Noticed a vampire knight
 17941 | D        | Killed a vampire knight
 17941 | D        | Acquired the Shining One's first power
 17943 | D        | Noticed a vampire knight
 17945 | D        | Killed a lich
 17949 | D        | Killed a vampire knight
 17962 | D        | Killed a vampire knight
 17962 | D        | Acquired the Shining One's second power
 17968 | D        | Killed a vampire knight
 17968 | D        | Reached skill level 10 in Invocations
 17968 | D        | Reached XP level 20. HP: 195/216 MP: 43/43
 17974 | D        | Killed a vampire knight
 17982 | D        | Killed a vampire knight
 17984 | D        | Killed a vampire knight
 18054 | D        | Noticed a spriggan baker
 18054 | D        | Noticed a spriggan baker
 18054 | D        | Noticed a spriggan baker
 18054 | D        | Noticed a spriggan baker
 18054 | D        | Noticed a spriggan baker
 18054 | D        | Noticed a spriggan baker
 18054 | D        | Noticed a spriggan baker
 18056 | D        | Killed a spriggan baker
 18058 | D        | Noticed a spriggan baker
 18058 | D        | Killed a spriggan baker
 18060 | D        | Noticed a spriggan baker
 18060 | D        | Killed a spriggan baker
 18062 | D        | Killed a spriggan baker
 18063 | D        | Noticed a spriggan baker
 18065 | D        | Noticed a spriggan baker
 18066 | D        | Killed a spriggan baker
 18067 | D        | Killed a spriggan baker
 18072 | D        | Killed a spriggan baker
 18073 | D        | Killed a spriggan baker
 18074 | D        | Killed a spriggan baker
 18077 | D        | Killed a spriggan baker
 18078 | D        | Killed a spriggan baker
 18090 | D        | Noticed a deep elf annihilator
 18090 | D        | Noticed a deep elf death mage
 18090 | D        | Noticed a deep elf demonologist
 18090 | D        | Noticed a deep elf demonologist
 18090 | D        | Noticed a deep elf sorcerer
 18090 | D        | Noticed a deep elf master archer
 18090 | D        | Noticed a deep elf blademaster
 18101 | D        | Killed a deep elf annihilator
 18102 | D        | Noticed a deep elf blademaster
 18102 | D        | Acquired the Shining One's third power
 18107 | D        | Killed a deep elf death mage
 18126 | D        | Noticed a deep elf high priest
 18128 | D        | Noticed a deep elf annihilator
 18131 | D        | Killed a deep elf blademaster
 18145 | D        | Killed a deep elf master archer
 18145 | D        | Reached skill level 15 in Invocations
 18146 | D        | Noticed a deep elf high priest
 18156 | D        | Killed a deep elf blademaster
 18161 | D        | Killed a deep elf sorcerer
 18163 | D        | Noticed a deep elf master archer
 18170 | D        | Killed a deep elf annihilator
 18176 | D        | Killed a deep elf demonologist
 18176 | D        | Acquired the Shining One's fourth power
 18184 | D        | Noticed a deep elf demonologist
 18186 | D        | Noticed a deep elf demonologist
 18187 | D        | Killed a deep elf demonologist
 18194 | D        | Killed a deep elf high priest
 18205 | D        | Killed a deep elf master archer
 18207 | D        | Killed a deep elf high priest
 18230 | D        | Killed a deep elf demonologist
 18235 | D        | Killed a deep elf demonologist
 18447 | D        | Got an elven rune of Zot
 18455 | D        | Noticed an azure jelly
 18455 | D        | Noticed an acid blob
 18455 | D        | Noticed a death ooze
 18455 | D        | Noticed an acid blob
 18455 | D        | Noticed an azure jelly
 18455 | D        | Noticed a golden eye
 18455 | D        | Noticed a death ooze
 18456 | D        | Noticed an azure jelly
 18466 | D        | Killed an acid blob
 18473 | D        | Killed an acid blob
 18474 | D        | Noticed an acid blob
 18484 | D        | Killed an azure jelly
 18485 | D        | Noticed the royal jelly
 18487 | D        | Killed a golden eye
 18500 | D        | Killed an azure jelly
 18588 | D        | Killed an acid blob
 18631 | D        | Killed a vampire knight
 18687 | D        | Gained mutation: You take a little longer to read scrolls due to your blurry vision. [mutagenic glow]
 20900 | D        | Identified a +7,+5 Blessed Blade (a +7,+4 antimagic demon blade blessed by the Shining One)
 22369 | D        | Killed an azure jelly
 22464 | D        | Killed a death ooze
 22519 | D        | Killed a death ooze
 22586 | D        | Killed the royal jelly
 22723 | D        | Noticed a death ooze
 22724 | D        | Noticed an acid blob
 22725 | D        | Noticed a golden eye
 22731 | D        | Killed a death ooze
 22732 | D        | Noticed an acid blob
 22736 | D        | Killed an acid blob
 22736 | D        | Paralysed by a giant eyeball for 2 turns
 22739 | D        | Killed a golden eye
 22740 | D        | Noticed a golden eye
 22741 | D        | Noticed an acid blob
 22742 | D        | Noticed a death ooze
 22744 | D        | Noticed a death ooze
 22749 | D        | Killed an acid blob
 22751 | D        | Killed a golden eye
 22756 | D        | Killed an acid blob
 22756 | D        | Reached skill level 27 in Invocations
 22758 | D        | Killed a death ooze
 22760 | D        | Killed a death ooze
 22763 | D        | Got a slimy rune of Zot
 22894 | D        | Noticed a sphinx
 22894 | D        | Noticed a sphinx
 22894 | D        | Noticed a sphinx
 22894 | D        | Noticed a sphinx
 22894 | D        | Noticed a sphinx
 22894 | D        | Noticed a sphinx
 22894 | D        | Noticed a sphinx
 22901 | D        | Killed a sphinx
 22902 | D        | Noticed a sphinx
 22904 | D        | Killed a sphinx
 22906 | D        | Killed a sphinx
 22926 | D        | Killed a sphinx
 22931 | D        | Killed a sphinx
 22937 | D        | Killed a sphinx
 22941 | D        | Killed a sphinx
 22942 | D        | Noticed a sphinx
 22942 | D        | Noticed a sphinx
 22947 | D        | Killed a sphinx
 22956 | D        | Killed a sphinx
 22957 | D        | Noticed a sphinx
 22961 | D        | Killed a sphinx
 22972 | D        | Killed a sphinx
 23254 | D        | Noticed a sphinx
 23262 | D        | Killed a sphinx
 23287 | D        | Noticed a guardian mummy
 23287 | D        | Noticed a guardian mummy
 23287 | D        | Noticed a guardian mummy
 23287 | D        | Noticed a guardian mummy
 23287 | D        | Noticed a guardian mummy
 23287 | D        | Noticed a guardian mummy
 23287 | D        | Noticed a guardian mummy
 23288 | D        | Noticed a guardian mummy
 23291 | D        | Killed a guardian mummy
 23293 | D        | Killed a guardian mummy
 23294 | D        | Noticed a guardian mummy
 23298 | D        | Killed a guardian mummy
 23301 | D        | Killed a guardian mummy
 23301 | D        | Reached XP level 21. HP: 223/223 MP: 44/44
 23302 | D        | Killed a guardian mummy
 23303 | D        | Noticed a guardian mummy
 23304 | D        | Killed a guardian mummy
 23309 | D        | Killed a guardian mummy
 23310 | D        | Killed a guardian mummy
 23312 | D        | Killed a guardian mummy
 23314 | D        | Killed a guardian mummy
 23393 | D        | Noticed a guardian mummy
 23393 | D        | Noticed a guardian mummy
 23393 | D        | Noticed a guardian mummy
 23393 | D        | Noticed a guardian mummy
 23393 | D        | Noticed a mummy priest
 23393 | D        | Noticed a guardian mummy
 23393 | D        | Noticed a guardian mummy
 23396 | D        | Killed a guardian mummy
 23397 | D        | Killed a guardian mummy
 23398 | D        | Noticed a guardian mummy
 23401 | D        | Killed a guardian mummy
 23402 | D        | Noticed a guardian mummy
 23403 | D        | Killed a guardian mummy
 23410 | D        | Killed a mummy priest
 23412 | D        | Killed a guardian mummy
 23415 | D        | Killed a guardian mummy
 23417 | D        | Killed a guardian mummy
 23420 | D        | Killed a guardian mummy
 23735 | D        | Noticed a guardian mummy
 23735 | D        | Noticed a greater mummy
 23735 | D        | Noticed a guardian mummy
 23735 | D        | Noticed a guardian mummy
 23735 | D        | Noticed a mummy priest
 23735 | D        | Noticed a greater mummy
 23735 | D        | Noticed a greater mummy
 23808 | D        | Killed a guardian mummy
 23823 | D        | Killed a greater mummy
 23828 | D        | Killed a guardian mummy
 23829 | D        | Killed a guardian mummy
 23834 | D        | Killed a mummy priest
 23844 | D        | Killed a greater mummy
 23852 | D        | Killed a greater mummy
 24142 | D        | Was forgiven by Okawaru
 24189 | D        | Noticed a greater mummy
 24196 | D        | Killed a greater mummy
 24313 | D        | Noticed a guardian mummy
 24319 | D        | Killed a guardian mummy
 24493 | D        | Got a golden rune of Zot
 24497 | D        | Noticed an orc sorcerer
 24497 | D        | Noticed a small abomination
 24497 | D        | Noticed a wight
 24497 | D        | Noticed a starcursed mass
 24497 | D        | Noticed a wandering mushroom
 24497 | D        | Noticed a blink frog
 24503 | D        | Killed an orc sorcerer
 24505 | D        | Killed a small abomination
 24506 | D        | Noticed a small abomination
 24509 | D        | Killed a wight
 24511 | D        | Noticed a small abomination
 24517 | D        | Noticed an Executioner
 24521 | D        | Noticed a small abomination
 24530 | D        | Killed a starcursed mass
 24533 | D        | Killed a blink frog
 24536 | D        | Killed a wandering mushroom
 24538 | D        | Killed a small abomination
 24539 | D        | Killed a small abomination
 24545 | D        | Killed an Executioner
 24547 | D        | Killed a small abomination
 24550 | D        | Got an abyssal rune of Zot
 24737 | D        | Noticed Geryon
 24754 | D        | Killed Geryon
 24756 | D        | Noticed Asmodeus
 24756 | D        | Noticed Lom Lobon
 24756 | D        | Noticed Antaeus
 24841 | D        | Killed Lom Lobon
 25067 | D        | Killed Asmodeus
 25181 | D        | Lost mutation: Your body is slowly deteriorating. [potion of cure mutation]
 25181 | D        | Lost mutation: You are clumsy. (Dex -2) [potion of cure mutation]
 25181 | D        | Lost mutation: You take a little longer to read scrolls due to your blurry vision. [potion of cure mutation]
 25221 | D        | Killed Antaeus
 25359 | D        | Noticed Ereshkigal
 25409 | D        | Killed Ereshkigal
 25409 | D        | Reached skill level 27 in Spellcasting
 25409 | D        | Reached skill level 27 in Charms
 25694 | D        | Noticed Cerebov
 25724 | D        | Killed Cerebov
 25982 | D        | Got an obsidian rune of Zot
 25986 | D        | Got a magical rune of Zot
 25990 | D        | Got an icy rune of Zot
 25991 | D        | Noticed Mnoleg
 26075 | D        | Gained mutation: You have a fast metabolism. [Mnoleg's mutagenic touch]
 26086 | D        | Killed Mnoleg
 26086 | D        | Reached skill level 15 in Evocations
 26138 | D        | Noticed Gloorx Vloq
 26162 | D        | HP: 10/212 [poisoned by Gloorx Vloq (dark miasma)]
 26166 | D        | Killed Gloorx Vloq
 26166 | D        | Reached XP level 22. HP: 22/220 MP: 30/46
 26597 | D        | Got a bone rune of Zot
 26601 | D        | Got a fiery rune of Zot
 26602 | D        | Noticed Dispater
 26809 | D        | Killed Dispater
 27080 | D        | Got a glowing rune of Zot
 27084 | D        | Got a dark rune of Zot
 27088 | D        | Got an iron rune of Zot
 27511 | D        | Got the Orb of Zot
 27636 | D        | Noticed Amodghir the pandemonium lord
 27645 | D        | Killed Amodghir the pandemonium lord
 27905 | D        | Noticed Imifuqof the pandemonium lord
 27918 | D        | Killed Imifuqof the pandemonium lord
 28432 | D        | Reached skill level 27 in Evocations
 28502 | D        | Reached skill level 5 in Throwing
 28502 | D        | Reached skill level 5 in Stealth
 28746 | D        | Noticed Frugo the pandemonium lord
 28771 | D        | Killed Frugo the pandemonium lord
 28771 | D        | Reached skill level 10 in Unarmed Combat
 28791 | D        | Reached skill level 10 in Throwing
 28854 | D        | Reached skill level 10 in Stealth
 28947 | D        | Noticed Thra Foah the pandemonium lord
 28958 | D        | Killed Thra Foah the pandemonium lord
 28986 | D        | Noticed Vaphirch the pandemonium lord
 28993 | D        | Paralysed by a giant eyeball for 2 turns
 29002 | D        | Killed Vaphirch the pandemonium lord
 29033 | D        | Reached skill level 15 in Unarmed Combat
 29104 | D        | Gained mutation: You are dopey. (Int -2) [a neqoxec]
 29114 | D        | Noticed Plopos the pandemonium lord
 29130 | D        | Reached skill level 15 in Throwing
 29133 | D        | Killed Plopos the pandemonium lord
 29235 | D        | Gained mutation: You are clumsy. (Dex -2) [mutagenic glow]
 29388 | D        | Reached XP level 23. HP: 209/227 MP: 47/47
 29426 | D        | Reached skill level 15 in Stealth
 29433 | D        | Lost intelligence.
 29529 | D        | Noticed Coehiste the pandemonium lord
 29576 | D        | Killed Coehiste the pandemonium lord
 29659 | D        | Noticed Skaycouquw the pandemonium lord
 29679 | D        | Killed Skaycouquw the pandemonium lord
 29704 | D        | Escaped with the Orb!

Action                   |  1- 3 |  4- 6 |  7- 9 | 10-12 | 13-15 | 16-18 | 19-21 | 22-24 || total
-------------------------+-------+-------+-------+-------+-------+-------+-------+-------++-------
Melee: Long sword        |    34 |     8 |       |       |       |       |       |       ||    42
       Scimitar          |       |    46 |   115 |   463 |       |       |   514 |       ||  1138
       Demon blade       |       |       |       |    19 |   896 |   977 |   211 |       ||  2103
       Eudemon blade     |       |       |       |       |       |       |   562 |   491 ||  1053
 Cast: Haste             |       |       |       |       |       |       |    18 |    11 ||    29
Invok: Heroism           |       |       |     2 |     4 |     1 |       |       |       ||     7
       Finesse           |       |       |       |     7 |     8 |    13 |     2 |       ||    30
       Cleansing Flame   |       |       |       |       |       |       |    13 |     7 ||    20
       Summon Divine War |       |       |       |       |       |       |     2 |     1 ||     3
  Use: Potion            |       |     1 |       |     5 |     7 |     5 |    10 |     2 ||    30
       Scroll            |       |       |       |       |     1 |     3 |     4 |       ||     8
 Stab: Distracted        |       |       |       |       |     1 |       |       |     4 ||     5
       Paralysed         |       |       |       |       |       |       |       |     2 ||     2
